cohdb
Replays
Latest Replays
All Replays
Popular Replays
Top Player Replays
Match Explorer
How It Works
Community
CoH3 Stats
Reddit
Sign in to upload your games and track your stats! →
Sign in with Steam
Match 43707847
Unlisted
Match 43707847
Overview
Messages
Build Orders
End
Selects Australian Defense Battlegroup
Selects Australian Light Infantry Section
Australian Light Infantry Section
Royal Engineer Section
Australian Light Infantry Section
Construct Section Command Post
Construct Platoon Command Post
Humber Armored Car
Construct Field Infirmary
Infantry Section
ML 3-inch Mortar Team
Selects 2-pounder Anti-tank Gun Team
2-pounder Anti-tank Gun Team
Infantry Training
Selects Vehicle Over Repair
2-pounder Anti-tank Gun Team
Team Weapon Training
Tubby
Goodvyn
0
0
Comments
sign in to comment!
No comments posted yet!